IL
NEW ORLEANS ZEPHYRS @ ALBUQUERQUE ISOTOPES
08/29/2049
 
TOP OF THE 1ST
New Orleans Zephyrs batting - Pitching for Albuquerque Isotopes : RHP Austin Akers
Pitching: RHP Austin Akers
Batting: LHB David Doge 0-0: Ball
1-0: Reached on error, E3 (Groundball, 13, EV 86.2 MPH)
Batting: SHB Ramon Martinez 0-0: Fielders Choice at 2nd, 5-4 (Groundball, 56, EV 85.0 MPH)
Batting: RHB Manuel Taveras 0-0: Called Strike
0-1: Ball
1-1: Swinging Strike
1-2: Ball
2-2: Foul Ball, location: 2F
2-2: Ball
3-2: Strikes out looking
Batting: RHB Adam McGurn 0-0: Called Strike
Ramon Martinez is caught stealing 2nd base 2-4
Top of the 1st over - 0 runs, 0 hits, 1 error, 0 left on base; New Orleans 0 - Albuquerque 0
BOTTOM OF THE 1ST
Albuquerque Isotopes batting - Pitching for New Orleans Zephyrs : RHP Jorge Lopez
Pitching: RHP Jorge Lopez
Batting: SHB Jamel Wright 0-0: Ball
1-0: Foul Ball, location: 2F
1-1: Ground out 6-3 (Groundball, 6, EV 100.6 MPH)
Batting: RHB Hector Silva 0-0: Ball
1-0: Ball
2-0: Ball
3-0: Base on Balls
Batting: SHB Orlando Torres 0-0: Called Strike
0-1: Called Strike
Hector Silva steals 2nd base
0-2: SINGLE (Groundball, 4MD, EV 109.4 MPH)
Hector Silva to third
Runner from 3rd tries for Home, throw by CF and OUT! 8-2
Batting: RHB Chris King 0-0: Called Strike
0-1: Fly out, F6 (Popup, 4MD, EV 52.5 MPH)
Bottom of the 1st over - 0 runs, 1 hit, 0 errors, 1 left on base; New Orleans 0 - Albuquerque 0
TOP OF THE 2ND
New Orleans Zephyrs batting - Pitching for Albuquerque Isotopes : RHP Austin Akers
Batting: RHB Adam McGurn 0-0: Fly out, F9 (Line Drive, 9S, EV 107.5 MPH)
Batting: LHB Eric Bailey 0-0: Foul Ball, location: 2F
0-1: Called Strike
0-2: Strikes out swinging
Batting: RHB Rafael Irizarry 0-0: Ball
1-0: Ball
2-0: Foul Ball, location: 2F
2-1: Swinging Strike
2-2: SINGLE (Groundball, 4MD, EV 98.1 MPH) (infield hit)
Batting: RHB Isaiah Brockman 0-0: Called Strike
Rafael Irizarry steals 2nd base
0-1: Ball
1-1: Called Strike
1-2: Ball
2-2: Ball
3-2: Base on Balls
Batting: RHB Orlando Landa 0-0: Foul Ball, location: 2F
0-1: Fly out, F8 (Flyball, 78D, EV 101.2 MPH)
Top of the 2nd over - 0 runs, 1 hit, 0 errors, 2 left on base; New Orleans 0 - Albuquerque 0
BOTTOM OF THE 2ND
Albuquerque Isotopes batting - Pitching for New Orleans Zephyrs : RHP Jorge Lopez
Batting: LHB Adam Hill 0-0: Ground out 6-3 (Groundball, 6M, EV 76.2 MPH)
Batting: RHB Herb McIntyre 0-0: Ball
1-0: Foul Ball, location: 2F
1-1: Foul Ball, location: 2F
1-2: Ball
2-2: Ball
3-2: Fly out, F3 (Popup, 3, EV 55.6 MPH)
Batting: LHB Gabe Harvey 0-0: Ball
1-0: Ball
2-0: Foul Ball, location: 2F
2-1: Ground out 4-3 (Groundball, 34, EV 81.9 MPH)
Bottom of the 2nd over - 0 runs, 0 hits, 0 errors, 0 left on base; New Orleans 0 - Albuquerque 0
TOP OF THE 3RD
New Orleans Zephyrs batting - Pitching for Albuquerque Isotopes : RHP Austin Akers
Batting: RHB Masumitsu Sugiura 0-0: Ball
1-0: SINGLE (Flyball, 4MD, EV 89.4 MPH)
Batting: LHB David Doge 0-0: Ball
1-0: Called Strike
Masumitsu Sugiura steals 2nd base
1-1: Ball
2-1: Ground out 4-3 (Groundball, 4, EV 109.4 MPH)
Masumitsu Sugiura to third
Batting: SHB Ramon Martinez 0-0: Foul Ball, location: 2F
0-1: Ball
1-1: Ball
2-1: Ball
3-1: Foul Ball, location: 2F
3-2: Base on Balls
Batting: RHB Manuel Taveras 0-0: Called Strike
0-1: Foul Ball, location: 2F
0-2: Ball
1-2: Foul Ball, location: 2F
1-2: Ball
2-2: Strikes out looking
Batting: RHB Adam McGurn 0-0: Ball
1-0: Called Strike
1-1: Ball
2-1: Called Strike
Ramon Martinez steals 2nd base
2-2: Foul Ball, location: 2F
2-2: Foul Ball, location: 2F
2-2: Foul Ball, location: 2F
2-2: Foul Ball, location: 2F
2-2: Strikes out swinging
Top of the 3rd over - 0 runs, 1 hit, 0 errors, 2 left on base; New Orleans 0 - Albuquerque 0
BOTTOM OF THE 3RD
Albuquerque Isotopes batting - Pitching for New Orleans Zephyrs : RHP Jorge Lopez
Batting: RHB Jerry Sanchez 0-0: Ball
1-0: Ball
2-0: Ground out 3-1 (Groundball, 13, EV 76.9 MPH)
Batting: RHB Vinny Estrada 0-0: Called Strike
0-1: Fly out, F4 (Line Drive, 4M, EV 61.9 MPH)
Batting: SHB Jamel Wright 0-0: Ball
1-0: Foul Ball, location: 2F
1-1: Fly out, F8 (Flyball, 78M, EV 90.0 MPH)
Bottom of the 3rd over - 0 runs, 0 hits, 0 errors, 0 left on base; New Orleans 0 - Albuquerque 0
TOP OF THE 4TH
New Orleans Zephyrs batting - Pitching for Albuquerque Isotopes : RHP Austin Akers
Batting: LHB Eric Bailey 0-0: Ball
1-0: Ball
2-0: Called Strike
2-1: Swinging Strike
2-2: Ball
3-2: Strikes out swinging
Batting: RHB Rafael Irizarry 0-0: Ball
1-0: Ball
2-0: Ball
3-0: Called Strike
3-1: Ground out 6-3 (Groundball, 6S, EV 62.5 MPH)
Batting: RHB Isaiah Brockman 0-0: Called Strike
0-1: Ball
1-1: Ball
2-1: Called Strike
2-2: Strikes out swinging
Top of the 4th over - 0 runs, 0 hits, 0 errors, 0 left on base; New Orleans 0 - Albuquerque 0
BOTTOM OF THE 4TH
Albuquerque Isotopes batting - Pitching for New Orleans Zephyrs : RHP Jorge Lopez
Batting: RHB Hector Silva 0-0: Foul Ball, location: 2F
0-1: Called Strike
0-2: Foul Ball, location: 2F
0-2: Foul Ball, location: 2F
0-2: Ball
1-2: Ground out 6-3 (Groundball, 6, EV 88.8 MPH)
Batting: SHB Orlando Torres 0-0: Ball
1-0: Ball
2-0: Fly out, F4 (Flyball, 4MD, EV 89.4 MPH)
Batting: RHB Chris King 0-0: Called Strike
0-1: Ball
1-1: Called Strike
1-2: Ball
2-2: Strikes out swinging
Bottom of the 4th over - 0 runs, 0 hits, 0 errors, 0 left on base; New Orleans 0 - Albuquerque 0
TOP OF THE 5TH
New Orleans Zephyrs batting - Pitching for Albuquerque Isotopes : RHP Austin Akers
Batting: RHB Orlando Landa 0-0: Ball
1-0: Foul Ball, location: 2F
1-1: Fly out, F8 (Flyball, 8RXD, EV 110.0 MPH)
Batting: RHB Masumitsu Sugiura 0-0: Ball
1-0: Swinging Strike
1-1: Foul Ball, location: 2F
1-2: Strikes out swinging
Batting: LHB David Doge 0-0: Ball
1-0: Called Strike
1-1: Ground out 4-3 (Groundball, 34, EV 106.9 MPH)
Top of the 5th over - 0 runs, 0 hits, 0 errors, 0 left on base; New Orleans 0 - Albuquerque 0
BOTTOM OF THE 5TH
Albuquerque Isotopes batting - Pitching for New Orleans Zephyrs : RHP Jorge Lopez
Batting: LHB Adam Hill 0-0: Ball
1-0: Foul Ball, location: 2F
1-1: SOLO HOME RUN (Flyball, 7LD, EV 100.0 MPH), Distance : 370 ft
Batting: RHB Herb McIntyre 0-0: Called Strike
0-1: Foul Ball, location: 2F
0-2: Ball
1-2: Ball
2-2: Ground out 5-3 (Groundball, 5S, EV 86.9 MPH)
Batting: LHB Gabe Harvey 0-0: Ball
1-0: Ground out 4-3 (Groundball, 4, EV 105.0 MPH)
Batting: RHB Jerry Sanchez 0-0: Ball
1-0: Ground out 5-3 (Groundball, 56S, EV 83.1 MPH)
Bottom of the 5th over - 1 run, 1 hit, 0 errors, 0 left on base; New Orleans 0 - Albuquerque 1
TOP OF THE 6TH
New Orleans Zephyrs batting - Pitching for Albuquerque Isotopes : RHP Austin Akers
Batting: SHB Ramon Martinez 0-0: Ball
1-0: Called Strike
1-1: Called Strike
1-2: Strikes out swinging
Batting: RHB Manuel Taveras 0-0: Ball
1-0: Called Strike
1-1: Ball
2-1: Foul Ball, location: 2F
2-2: Ball
3-2: Strikes out swinging
Batting: RHB Adam McGurn 0-0: Called Strike
0-1: Foul Ball, location: 2F
0-2: Ball
1-2: Ball
2-2: Strikes out swinging
Top of the 6th over - 0 runs, 0 hits, 0 errors, 0 left on base; New Orleans 0 - Albuquerque 1
BOTTOM OF THE 6TH
Albuquerque Isotopes batting - Pitching for New Orleans Zephyrs : RHP Jorge Lopez
Batting: RHB Vinny Estrada 0-0: Swinging Strike
0-1: Ground out 4-3 (Groundball, 34, EV 100.0 MPH)
Batting: SHB Jamel Wright 0-0: Ball
1-0: Called Strike
1-1: Ball
2-1: Ball
3-1: Swinging Strike
3-2: Base on Balls
Batting: RHB Hector Silva 0-0: Ball
Jamel Wright steals 2nd base (no throw)
1-0: Called Strike
1-1: Ball
2-1: Fly out, F8 (Flyball, 89D, EV 94.4 MPH)
Batting: SHB Orlando Torres 0-0: Swinging Strike
0-1: Ball
1-1: Fly out, F9 (Flyball, 9LM, EV 88.1 MPH)
Bottom of the 6th over - 0 runs, 0 hits, 0 errors, 1 left on base; New Orleans 0 - Albuquerque 1
TOP OF THE 7TH
New Orleans Zephyrs batting - Pitching for Albuquerque Isotopes : RHP Austin Akers
Batting: LHB Eric Bailey 0-0: Called Strike
0-1: Ball
1-1: SINGLE (Flyball, 8LS, EV 94.4 MPH)
Batting: RHB Rafael Irizarry 0-0: Called Strike
Eric Bailey is caught stealing 2nd base 2-4
0-1: Ball
1-1: Ball
2-1: Called Strike
2-2: SINGLE (Flyball, 3D, EV 89.4 MPH)
Pitching: RHP Johnathan Starr
Batting: RHB Isaiah Brockman 0-0: Called Strike
0-1: Ball
Rafael Irizarry steals 2nd base
1-1: Foul Ball, location: 2F
1-2: Ball
2-2: Strikes out swinging
Batting: RHB Orlando Landa 0-0: Ball
1-0: Ball
2-0: Foul Ball, location: 2F
2-1: Swinging Strike
2-2: Foul Ball, location: 2F
2-2: Foul Ball, location: 2F
2-2: Fly out, F7 (Flyball, 7, EV 90.6 MPH)
Top of the 7th over - 0 runs, 2 hits, 0 errors, 1 left on base; New Orleans 0 - Albuquerque 1
BOTTOM OF THE 7TH
Albuquerque Isotopes batting - Pitching for New Orleans Zephyrs : RHP Jorge Lopez
Batting: RHB Chris King 0-0: Ball
1-0: Ground out 5-3 (Groundball, 5, EV 86.2 MPH)
Batting: LHB Adam Hill 0-0: Foul Ball, location: 2F
0-1: Fly out, F9 (Flyball, 89M, EV 83.8 MPH)
Batting: RHB Herb McIntyre 0-0: Ball
1-0: Ground out 4-3 (Groundball, 4MD, EV 107.5 MPH)
Bottom of the 7th over - 0 runs, 0 hits, 0 errors, 0 left on base; New Orleans 0 - Albuquerque 1
TOP OF THE 8TH
New Orleans Zephyrs batting - Pitching for Albuquerque Isotopes : RHP Johnathan Starr
Batting: RHB Masumitsu Sugiura 0-0: Ball
1-0: Ball
2-0: Foul Ball, location: 2F
2-1: Swinging Strike
2-2: Foul Ball, location: 2F
2-2: Strikes out looking
Batting: LHB David Doge 0-0: Ball
1-0: Ball
2-0: Called Strike
2-1: Called Strike
2-2: Ball
3-2: Ground out 4-3 (Groundball, 34, EV 85.6 MPH)
Batting: SHB Ramon Martinez 0-0: Ground out 5-3 (Groundball, 5S, EV 61.2 MPH)
Top of the 8th over - 0 runs, 0 hits, 0 errors, 0 left on base; New Orleans 0 - Albuquerque 1
BOTTOM OF THE 8TH
Albuquerque Isotopes batting - Pitching for New Orleans Zephyrs : RHP Jorge Lopez
Batting: LHB Gabe Harvey 0-0: Ground out 6-3 (Groundball, P, EV 80.0 MPH)
Batting: RHB Jerry Sanchez 0-0: Foul Ball, location: 2F
0-1: Ball
1-1: Foul Ball, location: 2F
1-2: Ball
2-2: Foul Ball, location: 2F
2-2: Fly out, F9 (Flyball, 89D, EV 85.0 MPH)
Batting: RHB Vinny Estrada 0-0: Ball
1-0: Called Strike
1-1: Foul Ball, location: 2F
1-2: TRIPLE (Groundball, 3L, EV 102.5 MPH)
Pitching: RHP Adam Durant
Batting: SHB Jamel Wright 0-0: Ball
1-0: Foul Ball, location: 2F
1-1: Foul Ball, location: 2F
1-2: Foul Ball, location: 2F
1-2: Ball
2-2: Ball
3-2: Foul Ball, location: 2F
3-2: Base on Balls
Batting: RHB Hector Silva 0-0: Ball
1-0: Ball
2-0: SINGLE (Groundball, 56D, EV 103.8 MPH)
Vinny Estrada scores
Jamel Wright to second
Batting: SHB Orlando Torres 0-0: Called Strike
0-1: Ball
1-1: SINGLE (Groundball, 34D, EV 105.0 MPH)
Jamel Wright to third
Hector Silva to second
Runner from 3rd tries for Home, SAFE, throw by RF to home
Batting: RHB Chris King 0-0: Ball
1-0: Called Strike
1-1: Foul Ball, location: 2F
1-2: Strikes out swinging
Bottom of the 8th over - 2 runs, 3 hits, 0 errors, 2 left on base; New Orleans 0 - Albuquerque 3
TOP OF THE 9TH
New Orleans Zephyrs batting - Pitching for Albuquerque Isotopes : RHP Johnathan Starr
Pitching: RHP Jeff Swomley
Batting: RHB Manuel Taveras 0-0: Called Strike
0-1: Foul Ball, location: 2F
0-2: Ball
1-2: Ball
2-2: Foul Ball, location: 2F
2-2: Strikes out swinging
Batting: RHB Adam McGurn 0-0: Swinging Strike
0-1: Swinging Strike
0-2: Strikes out swinging
Batting: LHB Eric Bailey 0-0: Called Strike
0-1: Ball
1-1: Ball
2-1: Ball
3-1: Base on Balls
Batting: RHB Rafael Irizarry 0-0: Called Strike
0-1: Foul Ball, location: 2F
0-2: Foul Ball, location: 2F
0-2: Ball
1-2: Ball
2-2: Strikes out swinging
Top of the 9th over - 0 runs, 0 hits, 0 errors, 1 left on base; New Orleans 0 - Albuquerque 3
Sunday, July 16th , 2023 - OOTP Baseball 24.6 Build 69